 Dungeon Crawl Stone Soup version 0.28.0 (webtiles) character file.

Game seed: 1398913353274662756

693 unlimited1921 the Vandal (level 7, 0/49 HPs)
             Began as a Human Berserker on Feb 13, 2022.
             Was a Believer of Trog.
             Slain by a gnoll shaman (13 damage)
             ... on level 5 of the Dungeon.
             The game lasted 00:25:57 (8630 turns).

unlimited1921 the Vandal (Human Berserker)          Turns: 8630, Time: 00:25:59

Health: 0/49       AC:  3    Str: 18      XL:     7   Next: 96%
Magic:  7/7        EV: 13    Int:  6 (7)  God:    Trog [**....]
Gold:   47         SH:  0    Dex: 17      Spells: 6/6 levels left

rFire   + . .      SeeInvis .   j - +0 hunting sling (freeze)
rCold   + . .      Faith    .   (no shield)
rNeg    . . .      Spirit   .   l - +0 leather armour of Devotion {rElec rF- rCorr Dex+3}
rPois   .          Reflect  .   (no helmet)
rElec   +          Harm     .   C - scarf {rC+ rF+}
rCorr   +          Rampage  .   (no gloves)
Will    .....                   (no boots)
Stlth   ++........              (no amulet)
HPRegen 0.16/turn               t - ring of protection from fire
MPRegen 0.10/turn               (no ring)

@: no status effects
A: deterioration 1, frail 1, screaming 1, devolution 1
a: Renounce Religion, Berserk, Trog's Hand


You were on level 5 of the Dungeon.
You worshipped Trog.
Trog was pleased with you.
You visited 1 branch of the dungeon, and saw 5 of its levels.

You collected 192 gold pieces.
You spent 145 gold pieces at shops.

Inventory:

Hand Weapons
 a - a +0 hand axe
 f - a +0 short sword of electrocution
 j - a +0 hunting sling of freezing (weapon)
 o - a +0 war axe
 p - a +0 hand axe of electrocution
 z - a +0 long sword
Missiles
 c - 115 stones (quivered ammo)
 g - 24 bolts
 i - 37 sling bullets
Armour
 l - the +0 leather armour of Devotion (worn) {rElec rF- rCorr Dex+3}
   (You found it on level 2 of the Dungeon)

   Dex:       It affects your dexterity (+3).
   rF:        It makes you vulnerable to fire.
   rElec:     It insulates you from electricity.
   rCorr:     It protects you from acid and corrosion.
 A - the +3 leather armour of Yckik {Harm Int-4 SInv}
   (You found it on level 4 of the Dungeon)

   Int:       It affects your intelligence (-4).
   SInv:      It lets you see invisible.
   Harm:      It increases damage dealt and taken.
 B - a +0 scale mail
 C - a scarf of resistance (worn)
Jewellery
 m - a ring of fire
 t - a ring of protection from fire (left hand)
Wands
 s - a wand of polymorph (3)
 y - a wand of mindburst (8)
Scrolls
 d - a scroll of teleportation
 e - a scroll of magic mapping
 h - 2 scrolls of blinking
 q - 2 scrolls of immolation
 r - 2 scrolls of vulnerability
 v - a scroll of identify
 x - a scroll of noise
Potions
 b - a potion of heal wounds
 k - a potion of flight
 n - a potion of haste
 u - 3 potions of mutation


   Skills:
 + Level 4.6 Fighting
 + Level 1.2 Short Blades
 + Level 3.4 Axes
 + Level 5.0(5.1) Slings
 + Level 1.4(3.4) Throwing
 * Level 3.3 Armour
 * Level 3.1 Dodging
 + Level 1.3 Stealth


You had 6 spell levels left.
You didn't know any spells.
Your spell library contained the following spells:

 Spells                   Type           Power      Damage    Failure   Level
 Gell's Gravitas          Tloc           0%         N/A       87%         3
 Lesser Beckoning         Tloc           0%         N/A       87%         3
 Teleport Other           Tloc           0%         N/A       87%         3


Dungeon Overview and Level Annotations

Branches:
Dungeon (5/15)
 Temple: D:4-7

Altars:
Kikubaaqudgha
Nemelex Xobeh

Shops:
D:2 !   D:5 *(?[


Innate Abilities, Weirdness & Mutations

Your body sometimes deteriorates upon taking damage.
You are frail. (-10% HP)
You occasionally shout uncontrollably at your foes.
You have hidden genetic defects.


Message History

c - 119 stones (gained 1)
c - 121 stones (gained 2)
Found 13 arrows.
You see here 13 arrows.
A gnoll comes into view. It is wielding a +0 whip.
The gnoll shouts!
A gnoll shaman comes into view.
It is wielding the +8 whip of Poalaer {speed, Fly Will++}.
You shoot a stone.
The stone barely misses the gnoll shaman.
The stone hits the gnoll.
The stone freezes the gnoll.
The gnoll is severely wounded.
A gnoll comes into view. It is wielding a +0 club.
You shoot a stone.
The stone barely misses the gnoll shaman.
The gnoll shouts!
The stone hits the gnoll.
The stone freezes the gnoll.
You kill the gnoll!
Trog accepts your kill.
Your Slings skill increases to level 5!
You shoot a stone.
The stone hits the gnoll shaman but does no damage.
The gnoll shaman calls upon its god to speed up the gnoll.
The gnoll seems to speed up.
You shoot a stone. The stone hits the gnoll shaman.
The stone freezes the gnoll shaman.
The gnoll shaman is lightly wounded.
The gnoll shaman misses you.
The gnoll shaman hits you with the +8 whip of Poalaer {speed, Fly Will++}!
You shoot a stone. The stone hits the gnoll shaman.
The stone freezes the gnoll shaman.
The gnoll shaman is moderately wounded.
The gnoll shaman hits you with the +8 whip of Poalaer {speed, Fly Will++}!
Your body deteriorates!
You feel dopey.
You shoot a stone.
The stone hits the gnoll shaman but does no damage.
The gnoll shaman is moderately wounded.
The gnoll shaman hits you with the +8 whip of Poalaer {speed, Fly Will++}!
* * * LOW HITPOINT WARNING * * *
The gnoll shaman hits you with the +8 whip of Poalaer {speed, Fly Will++}!
You die...

#.##)##.......# ..#
#.##)##.......# ..#
#.##(##.......###..##
###...(.........##.. ..
#......##.......##.# ..
#.####.##.......##.##.#
#.####.##.##...........
#.##.gg##.#####.##.#.#.
#.##.#@##....>..##.....
#.##.#.#############.#.
#########(.....# ##.#######.#.
#......#####.######.#..........
#.##.....# #.........#####.....
###.##.#.#.#
#########...........
.......#.#<# #.#####.....
###.####.#.###### #.# ##...#
#.####........# ##.## ##.##


You could see a gnoll shaman and a gnoll (fast).

Vanquished Creatures
  A water moccasin (D:5)
  A sky beast (D:4)
  A necrophage (D:5)
  A bullfrog zombie (D:5)
  A centaur skeleton (D:2)
  An orc priest (D:3)
  An orc wizard (D:3)
  2 hound skeletons
  A howler monkey skeleton (D:4)
  5 gnolls (D:5)
  5 adders
  A white imp (D:5)
  2 worms
  3 dart slugs
  4 orcs
  6 ball pythons
  6 bats
  5 endoplasms
  4 giant cockroaches
  7 hobgoblins
  10 jackals
  3 kobolds
  4 quokkas
  4 frilled lizards
  6 goblins
  7 rats
92 creatures vanquished.

Vanquished Creatures (collateral kills)
  A scorpion (D:3)
1 creature vanquished.

Grand Total: 93 creatures vanquished

Notes
Turn   | Place    | Note
-------+----------+-------------------------------------------
     0 | D:1      | unlimited1921 the Human Berserker began the quest for the
                  | Orb.
     0 | D:1      | Reached XP level 1. HP: 18/18 MP: 1/1
   397 | D:1      | Found a faded altar of an unknown god.
   856 | D:1      | Reached XP level 2. HP: 24/24 MP: 2/2
  1623 | D:1      | Reached * piety under Trog
  1624 | D:1      | Reached XP level 3. HP: 29/29 MP: 3/3
  2532 | D:2      | Reached skill level 1 in Short Blades
  2532 | D:2      | Reached skill level 1 in Throwing
  2532 | D:2      | Reached XP level 4. HP: 28/35 MP: 4/4
  2784 | D:2      | Found Gato's Distillery.
  3186 | D:2      | Reached skill level 1 in Slings
  3199 | D:2      | Identified the +0 leather armour of Devotion {rElec rF-
                  | rCorr Dex+3}
  3276 | D:2      | Reached XP level 5. HP: 41/41 MP: 5/5
  3637 | D:2      | Bought a potion of heal wounds for 55 gold pieces
  3905 | D:3      | Found a sparkling altar of Nemelex Xobeh.
  4555 | D:4      | Reached skill level 2 in Slings
  5125 | D:3      | Reached XP level 6. HP: 36/48 MP: 6/6
  5127 | D:3      | Reached skill level 3 in Slings
  5617 | D:4      | Reached ** piety under Trog
  5886 | D:4      | Identified the +3 leather armour of Yckik {Harm Int-4 SInv}
  6017 | D:3      | HP: 1/48 [scorpion (6)]
  6443 | D:4      | Reached skill level 1 in Stealth
  6547 | D:5      | Entered Level 5 of the Dungeon
  6594 | D:5      | Noticed a necrophage
  6601 | D:5      | Killed a necrophage
  6602 | D:5      | Reached XP level 7. HP: 54/54 MP: 7/7
  6657 | D:4      | Reached skill level 4 in Slings
  7013 | D:5      | Found Izisufa's Weapon Shop.
  7015 | D:5      | Found Izit's Armour Shop.
  7015 | D:5      | Found Peuthaz's General Store.
  7021 | D:5      | Found Jireymum's Magic Scroll Shop.
  7512 | D:5      | Found an ancient bone altar of Kikubaaqudgha.
  7527 | D:5      | Bought a scroll of blinking for 90 gold pieces
  7658 | D:5      | Noticed a water moccasin
  7683 | D:5      | Gained mutation: You are frail. (-10% HP) [potion of
                  | mutation]
  7683 | D:5      | Gained mutation: Your body sometimes deteriorates upon
                  | taking damage. [potion of mutation]
  7683 | D:5      | Gained mutation: You have hidden genetic defects. [potion
                  | of mutation]
  7683 | D:5      | HP: 2/49 [poisoned by a water moccasin]
  8294 | D:5      | Killed a water moccasin
  8305 | D:5      | Gained mutation: You occasionally shout uncontrollably at
                  | your foes. [hidden defects]
  8622 | D:5      | Identified the +8 whip of Poalaer {speed, Fly Will++}
  8627 | D:5      | Reached skill level 5 in Slings
  8630 | D:5      | Slain by a gnoll shaman

Illustrated notes

Levels and vault maps discovered:
D:1:      dpeg_arrival_water_temple_mockup, layout_loops_ring,
          chequers_ecumenical_altar_simple_redux
D:2:      layout_basic, serial_shops, nicolae_shop_trees,
          minmay_misc_feat_columns
D:3:      layout_basic, nemelex_altar_shiori, hangedman_decor_clover_reticule,
          grunt_ministairs_14, grunt_decor_junction
D:4:      layout_basic, nicolae_ossuary_entry_plus, grunt_ministairs_3
D:5:      layout_loops_cross, nicolae_kikubaaqudgha_miasma_corner,
          nicolae_qazlal_scattered_showers, minmay_shop_grid_forest

Skill      XL: |  1  2  3  4  5  6  7 |
---------------+----------------------+-----
Short Blades   | 1 |  1.2
Throwing       | 1 |  1.4
Slings         | 1 2 3 5 |  5.0
Fighting       | 4 |  4.6
Stealth        | 1 |  1.3
Armour         | 3 |  3.3
Dodging        | 3 |  3.1
Axes           | |  3.4

Action                   |  1- 3 |  4- 6 |  7- 9 || total
-------------------------+-------+-------+-------++-------
Melee: Hand axe          |    30 |     9 |     7 ||    46
       Short sword       |    32 |       |       ||    32
       Punch             |     1 |       |       ||     1
 Fire: Hunting sling     |    11 |   180 |    74 ||   265
Throw: Stone             |    56 |       |       ||    56
Invok: Berserk           |     4 |       |       ||     4
  Use: Scroll            |     3 |     8 |     2 ||    13
       Potion            |       |     3 |     6 ||     9
Armor: Animal skin       |    23 |       |       ||    23
       Leather armour    |    16 |    14 |     5 ||    35
Dodge: Dodged            |   106 |    45 |    28 ||   179
